 Dungeon Crawl Stone Soup version 0.30-a0-354-g6b83867211 (webtiles) character file.

Game seed: 13318835398961925014

74 Low2 the Twirler (level 4, -4/45 HPs)
             Began as an Ogre Gladiator on Nov 8, 2022.
             Slain by an orc
             ... wielding a +0 whip
              (5 damage)
             ... on level 4 of the Dungeon.
             The game lasted 00:04:11 (1230 turns).

Low2 the Twirler (Ogre Gladiator)                   Turns: 1230, Time: 00:04:12

Health: -4/45      AC:  3    Str: 20    XL:     4   Next: 30%
Magic:  4/4        EV: 10    Int:  9    God:
Gold:   53         SH:  0    Dex: 10    Spells: 3/3 levels left

rFire   . . .      SeeInvis .    a - +0 quarterstaff (flame)
rCold   . . .      Faith    .    (shield currently unavailable)
rNeg    . . .      Spirit   .    b - +0 robe
rPois   +          Reflect  .    c - +0 hat
rElec   .          Harm     .    (no cloak)
rCorr   .          Rampage  .    (gloves unavailable)
Will    .....                    (boots unavailable)
Stlth   +.........               (no amulet)
HPRegen 0.27/turn                h - ring of poison resistance
MPRegen 0.09/turn                (no ring)

@: slowed, very slow
A: large, unfitting armour, tough skin 1
a: no special abilities


You were on level 4 of the Dungeon.
You visited 1 branch of the dungeon, and saw 4 of its levels.

You collected 53 gold pieces.

Inventory:

Hand Weapons
 a - a +0 quarterstaff of flaming (weapon)
Missiles
 e - a large rock
 f - 4 poisoned darts (quivered)
Armour
 b - a +0 robe (worn)
 c - a +0 hat (worn)
Jewellery
 h - a ring of poison resistance (left hand)
 j - a ring of wizardry
Wands
 r - a wand of iceblast (8)
Scrolls
 g - a scroll of fear {unknown}
 i - a scroll of enchant weapon {unknown}
 k - a scroll of teleportation {unknown}
 m - a scroll of enchant armour {unknown}
 n - a scroll of identify {unknown}
 o - a scroll of brand weapon
 p - a scroll of blinking {unknown}
Potions
 q - a potion of berserk rage {unknown}


   Skills:
 + Level 3.1 Fighting
 + Level 4.1 Staves
 + Level 2.2 Throwing
 + Level 3.4 Dodging
 + Level 0.2 Stealth


You had 3 spell levels left.
You didn't know any spells.
Your spell library was empty.

Dungeon Overview and Level Annotations

Branches:
Dungeon (4/15)
 Temple: D:4-7

Altars:

Annotations:
D:4 Natasha


Innate Abilities, Weirdness & Mutations

You are too large for most types of armour.
You have tough skin. (AC +1)


Message History

You feel troubled.
The crimson imp hits you but does no damage.
You barely miss the ball python. The ball python closely misses you.
Natasha claws you!
The orc wizard hits you but does no damage.
The orc barely misses you.
The orc priest begins to cast a cantrip, but forgets the words!
The orc hits you with a +0 whip.
The crimson imp hits you but does no damage.
You feel much better. The ball python barely misses you.
Natasha casts a spell at you.
You feel yourself slow down.
The orc wizard hits you but does no damage.
The orc hits you with a +0 morningstar of protection.
The orc closely misses you. The crimson imp hits you.
The ball python closely misses you.
You closely miss the ball python. Natasha casts a spell at you.
The magic dart hits you!
The orc wizard hits you with a +0 dagger.
The orc barely misses you. The orc priest closely misses you.
The orc closely misses you. The ball python barely misses you.
The crimson imp hits you but does no damage.
Natasha claws you! The orc hits you but does no damage.
The orc closely misses you.
The orc wizard hits you but does no damage.
The orc priest invokes the aid of Beogh against you.
Beogh smites you!
* * * LOW HITPOINT WARNING * * *
You closely miss the ball python.
The ball python bites you but does no damage.
The crimson imp blinks!
Natasha mumbles some strange words.
The ball python barely misses you.
The orc wizard hits you with a +0 dagger.
* * * LOW HITPOINT WARNING * * *
The orc completely misses you. The orc priest hits you with a +0 whip.
* * * LOW HITPOINT WARNING * * *
The orc hits you with a +0 whip.
You die...

S... .... .###+##
##.#.### .......
#...... ##.....##
#.##.# #.......##
#.#..# #
......ooh###.5..#.#
.....go@S5.....<..#
......o.ยง###....#.#
........## #.#..# #
.......## #.##.#
.##...# #...... ##+#
####.### #.# #.#


You could see an orc priest, an orc wizard, Natasha, a crimson imp (summoned), a
shadow imp (summoned), 2 orcs, a goblin and a ball python.

Vanquished Creatures
  Terence (D:3)
  2 adders
  An orc (D:3)
  3 bats
  An endoplasm (D:3)
  A giant cockroach (D:3)
  2 goblins
  4 hobgoblins
  4 kobolds
  A quokka (D:3)
  4 ball pythons
  A ball python skeleton (D:2)
  A ball python zombie (D:2)
  5 frilled lizards
  4 rats
35 creatures vanquished.

Vanquished Creatures (others)
  2 withered plants (D:2)
2 creatures vanquished.

Grand Total: 37 creatures vanquished

Notes
Turn   | Place    | Note
-------+----------+-------------------------------------------
     0 | D:1      | Low2 the Ogre Gladiator began the quest for the Orb.
     0 | D:1      | Reached XP level 1. HP: 22/22 MP: 1/1
   188 | D:1      | Reached XP level 2. HP: 25/29 MP: 2/2
   373 | D:2      | HP: 1/29 [frilled lizard (2)]
   499 | D:2      | Reached XP level 3. HP: 22/36 MP: 3/3
   963 | D:3      | Found a faded altar of an unknown god.
  1052 | D:3      | Noticed Terence
  1063 | D:3      | Killed Terence
  1064 | D:3      | Reached skill level 4 in Staves
  1064 | D:3      | Reached XP level 4. HP: 19/45 MP: 4/4
  1222 | D:4      | Noticed Natasha
  1230 | D:4      | HP: 1/45 [orc priest/+0 whip (3)]
  1230 | D:4      | Slain by an orc

Illustrated notes

Levels and vault maps discovered:
D:1:      lightli_arrival_lavapool, layout_rooms, minivault_4
D:2:      layout_rooms, serial_undead, serial_undead_c, serial_undead_c,
          serial_undead_d, serial_undead_b, minmay_hexomino_c4
D:3:      layout_loops_ring, nicolae_ecumenical_lake_church, corexii_shack,
          uniq_terence
D:4:      kennysheep_kobold_camp, layout_loops_corners,
          minmay_temple_entry_gardened_gates, minmay_misc_feat_x, uniq_natasha,
          uniq_menkaure

Skill      XL: |  1  2  3 |
---------------+----------+-----
Dodging        | 3 |  3.4
Fighting       | 3 |  3.1
Staves         | 4 |  4.1
Throwing       | |  2.2
Stealth        | |  0.2

Action                   |  1- 3 |  4- 6 || total
-------------------------+-------+-------++-------
Melee: Quarterstaff      |   114 |     7 ||   121
Throw: Throwing net      |    11 |       ||    11
       Large rock        |     2 |       ||     2
  Use: Scroll            |     2 |       ||     2
       Potion            |       |     2 ||     2
Armor: Robe              |    54 |    10 ||    64
Dodge: Dodged            |   115 |    20 ||   135

Table legend: (Time is in decaauts)
 A = Elapsed time spent in this place.
 B = Non-inter-level travel time spent in this place.
 C = Inter-level travel time spent in this place.
 D = Time resting spent in this place.
 E = Time spent auto-exploring this place.
 F = Levels seen in this place.
 G = Mean time per level.
                   A        B        C        D        E       F      G
               +--------+--------+--------+--------+--------+-----+--------+
         Total |   1245 |   1245 |      0 |    411 |      0 |   4 |  311.2 |
       Dungeon |   1245 |   1245 |      0 |    411 |      0 |   4 |  311.2 |
               +--------+--------+--------+--------+--------+-----+--------+

Top non-repeatable levels by time:
     D:3: 506 daAuts
     D:1: 372 daAuts
     D:2: 347 daAuts
     D:4: 18 daAuts
